 Dungeon Crawl Stone Soup version 0.21.1-1-g345015f (webtiles) character file.

15 tidbits the Charmwright (level 2, 26/26 HPs)
             Began as a Gnoll Skald on June 20, 2018.
             Quit the game on level 1 of the Dungeon.
             The game lasted 00:02:28 (427 turns).

tidbits the Charmwright (Gnoll Skald)                Turns: 427, Time: 00:02:28

Health: 26/26      AC:  3    Str: 13    XL:     2   Next: 50%
Magic:  6/7        EV: 14    Int: 15    God:
Gold:   38         SH:  0    Dex: 14    Spells: 5/10 levels left

rFire    . . .     SeeInvis .   a - +0 hand axe
rCold    . . .     Gourm    .   (no shield)
rNeg     + . .     Faith    .   b - +0 leather armour
rPois    .         Spirit   .   (no helmet)
rElec    .         Reflect  .   (no cloak)
rCorr    .         Harm     .   (no gloves)
MR       .....                  (no boots)
Stlth    +.........             (no amulet)
HPRegen  0.08/turn              g - ring of positive energy
MPRegen  0.10/turn              (no ring)

@: infused (expiring)
A: distributed training, fangs 1, strong nose
a: no special abilities


You were on level 1 of the Dungeon.
You were not hungry.

You visited 1 branch of the dungeon, and saw 2 of its levels.

You collected 38 gold pieces.

Inventory:

Hand Weapons
 a - a +0 hand axe (weapon)
Armour
 b - a +0 leather armour (worn)
 e - a +0 pair of gloves
Jewellery
 g - a ring of positive energy (left hand)
   (You found it on level 2 of the Dungeon)
Scrolls
 f - 3 scrolls of identify
 h - a scroll of remove curse
Potions
 i - a potion of curing
 j - a potion of heal wounds
Books
 c - a book of Battle

   Spells                             Type                      Level
   a - Infusion                       Charms                       1
   b - Shroud of Golubria             Charms/Translocation         2
   c - Song of Slaying                Charms                       2
   d - Spectral Weapon                Hexes/Charms                 3
   e - Regeneration                   Charms/Necromancy            3
Comestibles
 d - 3 rations


   Skills:
 + Level 4.5 Fighting
 + Level 0.4 Short Blades
 + Level 0.4 Long Blades
 + Level 4.5 Axes
 + Level 0.4 Maces & Flails
 + Level 0.4 Polearms
 + Level 0.4 Staves
 + Level 0.4 Slings
 + Level 0.4 Bows
 + Level 0.4 Crossbows
 + Level 0.4 Throwing
 + Level 2.5 Armour
 + Level 4.5 Dodging
 + Level 0.4 Stealth
 + Level 0.4 Shields
 + Level 0.4 Unarmed Combat
 + Level 4.9 Spellcasting
 + Level 0.2 Conjurations
 + Level 0.2 Hexes
 + Level 5.3 Charms
 + Level 0.2 Summonings
 + Level 0.2 Necromancy
 + Level 0.2 Translocations
 + Level 0.2 Transmutations
 + Level 0.2 Fire Magic
 + Level 0.2 Ice Magic
 + Level 0.2 Air Magic
 + Level 0.2 Earth Magic
 + Level 0.2 Poison Magic
 + Level 0.5 Invocations
 + Level 0.4 Evocations


You had 5 spell levels left.
You knew the following spells:

 Your Spells              Type           Power        Failure   Level  Hunger
g - Shroud of Golubria    Chrm/Tloc      ##........   10%         2    ##.....
i - Infusion              Chrm           ###.         2%          1    None
y - Song of Slaying       Chrm           ###.....     3%          2    ##.....


Dungeon Overview and Level Annotations

Branches:
Dungeon (2/15)

Altars:
Fedhas


Innate Abilities, Weirdness & Mutations

Your experience applies equally to all skills.
You have very sharp teeth.
Your uncanny sense of smell can sniff out nearby items.


Message History

You hit the bat!
You kill the bat!
You see here a bat corpse.
You open the door.
Your magical infusion is running out.
There is an open door here.
You are no longer magically infusing your attacks.
You open the door.
A goblin comes into view.
Found a stone staircase leading up.
There is an open door here.
You hit the goblin.
The goblin is heavily wounded.
The goblin barely misses you.
You barely miss the goblin.
The goblin is heavily wounded.
The goblin barely misses you.
You closely miss the goblin.
The goblin is heavily wounded.
The goblin barely misses you.
You hit the goblin.
You kill the goblin!
Things that are here:
a hunting sling; 17 stones; a goblin corpse
There is a stone staircase leading up here.
You climb upwards.
A bat and a rat come into view.
Found three items.
There is a stone staircase leading down here.
Unknown command.
Casting: Infusion
Confirm with . or Enter, or press ? or * to list all spells.
You begin infusing your attacks with magical energy.
The bat closely misses you.
You hit the bat.
You kill the bat!
You see here a scroll labeled ADDUCE SOESCH.
h - a scroll labeled ADDUCE SOESCH You hit the rat.
You kill the rat!
You see here a rat corpse.
Your magical infusion is running out.
Found a whip.
You are no longer magically infusing your attacks.
You see here a fuming sapphire potion.
i - a fuming sapphire potion
Things that are here:
8 gold pieces; a ruby potion
j - a ruby potion You now have 18 gold pieces (gained 8).
There is a stone staircase leading down here.
You climb downwards.
There is a stone staircase leading up here.
Unknown command.
Are you sure you want to abandon this character and quit the game? (Confirm with "yes".)
Okay, then.
As you read the scroll labeled NOEPNI XAESAAMM, it crumbles to dust.
It is a scroll of identify.
h - a scroll of remove curse
As you read the scroll of identify, it crumbles to dust.
j - a potion of heal wounds
As you read the scroll of identify, it crumbles to dust.
i - a potion of curing You climb upwards.
There is a stone staircase leading down here.
Unknown command.
A kobold comes into view.
The kobold shouts!
Casting: Infusion
Confirm with . or Enter, or press ? or * to list all spells.
You begin infusing your attacks with magical energy.
A bat comes into view.
You closely miss the kobold. The kobold misses you.
You hit the kobold.
The kobold is severely wounded.
The kobold closely misses you.
You hit the kobold!
You kill the kobold!
The bat hits you. The bat hits you but does no damage.
Found 23 stones and a scroll of identify.
The bat barely misses you.
Found 8 gold pieces.
You completely miss the bat. The bat misses you. The bat closely misses you.
You miss the bat. The bat barely misses you. The bat closely misses you.
You hit the bat.
You kill the bat!
Found a dagger.
Found a hand axe.
You see here a scroll of identify.
Okay, then.
f - 3 scrolls of identify (gained 1)
You see here 8 gold pieces.
You now have 26 gold pieces (gained 8).
Things that are here:
a hand axe; 12 gold pieces You now have 38 gold pieces (gained 12).
Your magical infusion is running out.
Are you sure you want to abandon this character and quit the game? (Confirm with "yes".)

#..........K..##..........#
#.##......................#
# #...........##.......(##
...####...#####..........#
... ..### #..........# ....
#### #..........# .(
######..........#
##...#..)........# ∆
#....@..........##
#...............##
#..........)...##
#..............#
##.........#...#
##...#...###### #########


There were no monsters in sight!

Vanquished Creatures
  A leopard gecko (D:2)
  A giant cockroach (D:1)
  3 goblins
  3 bats
  A frilled lizard (D:1)
  4 kobolds
  A rat (D:1)
14 creatures vanquished.

Notes
Turn   | Place    | Note
-------+----------+-------------------------------------------
     0 | D:1      | tidbits the Gnoll Skald began the quest for the Orb.
     0 | D:1      | Reached XP level 1. HP: 20/20 MP: 6/6
   143 | D:2      | Reached XP level 2. HP: 26/26 MP: 4/7
   147 | D:2      | Learned a level 2 spell: Song of Slaying
   150 | D:2      | Learned a level 2 spell: Shroud of Golubria
   238 | D:2      | Found a blossoming altar of Fedhas.
   427 | D:1      | Quit the game

Action                   || total
-------------------------++-------
Melee: Hand axe          ||    24
       Bite              ||     1
 Cast: Infusion          ||     7
  Use: Scroll            ||     3
Armor: Leather armour    ||     5
Dodge: Dodged            ||    16

Table legend:
 A = Turns spent in this place as a percentage of turns spent in the entire game.
 B = Non-inter-level travel turns spent in this place as a percentage of non-inter-level travel turns spent in the entire game.
 C = Inter-level travel turns spent in this place as a percentage of turns spent in this place.
 D = Turns resting spent in this place as a percentage of non-inter-level travel turns spent in this place.
 E = Turns spent auto-exploring this place as a percentage of non-inter-level travel turns spent in this place.
 F = Non-inter-level travel turns spent in this place divided by the number of levels of this place that you've seen.
                   A       B       C       D       E      F
               +-------+-------+-------+-------+-------+----------------------
         Total | 100.0 | 100.0 |   0.0 |   0.0 |   0.0 | 213.5
       Dungeon | 100.0 | 100.0 |   0.0 |   0.0 |   0.0 | 213.5
               +-------+-------+-------+-------+-------+----------------------

Table legend:
 A = Kills in this place as a percentage of kills in entire the game.
 B = Kills by you in this place as a percentage of kills by you in the entire game.
 C = Kills by friends in this place as a percentage of kills by friends in the entire game.
 D = Other kills in this place as a percentage of other kills in the entire game.
 E = Experience gained in this place as a percentage of experience gained in the entire game.
 F = Experience gained in this place divided by the number of levels of this place that you have seen.
                   A       B       C       D       E      F
               +-------+-------+-------+-------+-------+----------------------
         Total | 100.0 | 100.0 |   N/A |   N/A | 100.0 |  11.0
       Dungeon | 100.0 | 100.0 |   N/A |   N/A | 100.0 |  11.0
               +-------+-------+-------+-------+-------+----------------------

Vault maps used:
D:1:      minmay_arrival_four_houses
D:2:      cheibrodos_old_hovel, fedhas_altar_3, kennysheep_generic_room_12
